 Dungeon Crawl Stone Soup version 0.26.0-18-gc5c842f807 (webtiles) character file.

Game seed: 15340001713964432543

1049 thiole the Sneak (level 8, -3/46 HPs)
             Began as an Octopode Hedge Wizard on Jan 23, 2021.
             Was an Initiate of Gozag.
             Slain by a bullfrog (6 damage)
             ... on level 7 of the Dungeon.
             The game lasted 00:14:24 (5845 turns).

thiole the Sneak (Octopode Hedge Wizard)            Turns: 5845, Time: 00:14:25

Health: -3/46      AC:  3    Str: 10    XL:     8   Next: 25%
Magic:  15/15      EV: 13    Int: 18    God:    Gozag
Gold:   242        SH:  0    Dex: 11    Spells: 9/17 levels left

rFire    . . .     SeeInvis .   v - +6 rapier "Huip" {distort, +Fly}
rCold    . . .     Faith    .   (no shield)
rNeg     . . .     Spirit   .   b - +2 hat
rPois    .         Reflect  .   (no amulet)
rElec    .         Harm     .   (no ring)
rCorr    .         Rampage  .   (no ring)
Will     .....                  (no ring)
Stlth    ++++......             (no ring)
HPRegen  0.15/turn              (no ring)
MPRegen  0.14/turn              (no ring)
                                (no ring)
                                (no ring)

@: no status effects
A: almost no armour, stealthy swim, amphibious, 8 rings, constrict 8, camouflage
1, gelatinous body 1
a: Renounce Religion, Evoke Flight, Potion Petition, Call Merchant, Bribe Branch


You were on level 7 of the Dungeon.
You worshipped Gozag.
Gozag was aware of your devotion.
You visited 2 branches of the dungeon, and saw 8 of its levels.
You also visited: Sewer.

You collected 347 gold pieces.
You paid 105 gold pieces to Gozag.

Inventory:

Hand Weapons
 a - a +0 dagger
 v - the +6 rapier "Huip" (weapon) {distort, +Fly}
   (You found it on level 4 of the Dungeon)

   It warps and distorts space around it.
   Unwielding it can cause banishment or high damage.
   It lets you fly.
Armour
 b - a +2 hat (worn)
Jewellery
 r - an uncursed amulet of faith
 t - an uncursed amulet of magic regeneration {unknown}
Wands
 e - a wand of enslavement (2)
 o - a wand of paralysis (5)
 B - a wand of acid (7)
Scrolls
 d - 4 scrolls of teleportation
 g - a scroll of random uselessness {unknown}
 h - a scroll of enchant weapon {unknown}
 l - a scroll of fog {unknown}
 n - 2 scrolls of magic mapping {unknown}
 p - a scroll of fear {unknown}
 u - a scroll of identify
 w - 2 scrolls of remove curse {unknown}
 x - a scroll of immolation {unknown}
 y - a scroll of amnesia {unknown}
 A - a scroll of blinking {unknown}
Potions
 c - a potion of cancellation {unknown}
 f - a potion of magic {unknown}
 i - a potion of lignification {unknown}
 j - 5 potions of brilliance
 k - a potion of invisibility {unknown}
 m - a potion of mutation {unknown}
 q - a potion of might {unknown}
 s - a potion of haste {unknown}
 z - a potion of degeneration {unknown}
 C - 2 potions of curing {unknown}


   Skills:
 - Level 2.0 Dodging
 + Level 6.8 Stealth
 + Level 5.1 Spellcasting
 - Level 4.0 Conjurations
 - Level 2.0 Summonings
 - Level 1.0 Translocations
 - Level 5.0 Air Magic


You had 9 spell levels left.
You knew the following spells:

 Your Spells              Type           Power        Failure   Level
a - Magic Dart            Conj           76%          2%          1
b - Call Imp              Summ           11%          9%          2
c - Blink                 Tloc           N/A          13%         2
d - Mephitic Cloud        Conj/Pois/Air  15%          12%         3

Your spell library contained the following spells:

 Spells                   Type           Power        Failure   Level
 Conjure Flame            Conj/Fire      11%          17%         3
 Slow                     Hex            4%           21%         2


Dungeon Overview and Level Annotations

Branches:
Dungeon (8/15)             Temple (1/1) D:5           Sewer (visited)
   Lair: D:8-11

Altars:
Elyvilon
Gozag
Makhleb
Okawaru
Sif Muna

Annotations:
D:3 1 runed translucent door, inqbanana's ghost, amateur OgCK


Innate Abilities, Weirdness & Mutations

You cannot wear most types of armour.
You are very stealthy in the water. (Stealth+)
You are amphibious.
You can wear up to eight rings at the same time.
You can use your tentacles to constrict eight enemies at once.
Your skin changes colour to match your surroundings (Stealth+).
Your rubbery body absorbs attacks. (AC +1, EV +1)


Message History

The quokka zombie becomes distracted by the nearby gold, dreaming of imaginary riches.
The quokka zombie is no longer distracted by gold.
You start resting.
A bullfrog is nearby!
You closely miss the bullfrog. Your grab misses the bullfrog.
The bullfrog is lightly wounded.
The bullfrog hits you!
* * * LOW HITPOINT WARNING * * *
You closely miss the bullfrog. Your grab misses the bullfrog.
You squeeze the bullfrog!
The bullfrog is moderately wounded.
The bullfrog misses you. The bullfrog hits you.
* * * LOW HITPOINT WARNING * * *
You barely miss the bullfrog. Your grab misses the bullfrog.
The bullfrog is moderately wounded.
The bullfrog misses you.
A bullfrog comes into view.
The bullfrog hits you.
You die...
Your body crumbles into a pile of gold.

############
##..........##
#....F@.....).
#..####.......
#..##.........
#####..##.#.###...
..Z..Z....>..# .F
........##5### .
.######.##$#
#.##5# ..##F#


You could see 2 bullfrogs.

Vanquished Creatures
  Edmund (D:5)
  Purgy (Sewer)
  An ogre (D:3)
  Blork the orc (D:4)
  A scorpion (D:4)
  A jelly (D:8)
  A hound (D:5)
  A gnoll shaman (D:7)
  4 bullfrog skeletons (D:4)
  Ijyb (D:3)
  3 worker ants
  7 gnolls
  4 adders
  A shadow imp (D:8)
  5 worms
  A dart slug (D:1)
  5 leopard geckos
  An orc (D:4)
  2 ball pythons
  9 bats
  3 giant cockroaches
  5 goblins
  5 hobgoblins
  10 jackals
  2 quokkas
  5 frilled lizards
  3 kobolds (D:2)
  10 rats
94 creatures vanquished.

Vanquished Creatures (collateral kills)
  A hound (D:5)
1 creature vanquished.

Grand Total: 95 creatures vanquished

Notes
Turn   | Place    | Note
-------+----------+-------------------------------------------
     0 | D:1      | thiole the Octopode Hedge Wizard began the quest for the
                  | Orb.
     0 | D:1      | Reached XP level 1. HP: 11/11 MP: 4/4
   157 | D:1      | Reached XP level 2. HP: 11/17 MP: 1/6
   387 | D:1      | Reached skill level 3 in Stealth
  1169 | D:2      | Reached XP level 3. HP: 21/21 MP: 5/7
  1330 | D:2      | Learned a level 2 spell: Call Imp
  1333 | D:2      | Learned a level 2 spell: Blink
  1337 | D:2      | Learned a level 3 spell: Mephitic Cloud
  2084 | D:2      | Found a shimmering blue altar of Sif Muna.
  2174 | D:2      | Reached XP level 4. HP: 27/27 MP: 5/8
  2352 | D:2      | Reached skill level 1 in Air Magic
  2636 | D:3      | Noticed Ijyb
  2672 | D:3      | Killed Ijyb
  2711 | D:3      | Noticed an ogre
  2782 | D:3      | Found a runed translucent door.
  2960 | D:3      | Found a glowing drain.
  2969 | Sewer    | Entered a sewer
  3087 | Sewer    | Noticed Purgy
  3123 | Sewer    | Killed Purgy
  3124 | Sewer    | Reached skill level 4 in Stealth
  3124 | Sewer    | Reached XP level 5. HP: 22/31 MP: 1/10
  3295 | D:3      | Noticed inqbanana's ghost (amateur OgCK)
  3367 | D:3      | Killed an ogre
  3368 | D:3      | Reached XP level 6. HP: 31/36 MP: 6/11
  4288 | D:4      | Got a crystal rapier
  4289 | D:4      | Identified the +6 rapier "Huip" {distort, +Fly} (You found
                  | it on level 4 of the Dungeon)
  4595 | D:4      | Noticed Blork the orc
  4599 | D:4      | Killed Blork the orc
  4605 | D:4      | Reached XP level 7. HP: 33/41 MP: 12/12
  4875 | D:4      | Reached skill level 5 in Stealth
  5269 | D:5      | Entered Level 5 of the Dungeon
  5496 | D:5      | Found a burning altar of Makhleb.
  5560 | D:5      | Noticed Edmund
  5566 | D:5      | Killed Edmund
  5567 | D:5      | Reached skill level 6 in Stealth
  5567 | D:5      | Reached skill level 5 in Air Magic
  5567 | D:5      | Reached XP level 8. HP: 46/46 MP: 8/15
  5655 | D:5      | Found a staircase to the Ecumenical Temple.
  5663 | Temple   | Entered the Ecumenical Temple
  5674 | Temple   | Became a worshipper of Gozag Ym Sagoz the Greedy
  5771 | D:5      | You fall into a shaft and drop 3 floors!
  5817 | D:7      | Reached skill level 5 in Spellcasting
  5845 | D:7      | Slain by a bullfrog

Illustrated notes

Levels and vault maps discovered:
D:1:      lemuel_arrival_tunnels, layout_basic, minmay_misc_feat_iff
D:2:      layout_loops_cross, led_sif_pool, corexii_item_surrounded_by_moat,
          kennysheep_generic_room_11
D:3:      layout_basic, portal_sewer_entry_b, gammafunk_ghost_grave, uniq_ijyb
D:4:      kennysheep_spiral_hall, layout_cave_pods, kennysheep_nub,
          palyth_stone_intersect, uniq_blork_the_orc
D:5:      layout_basic, kennysheep_mini_moat, minmay_temple_entry_ruins,
          uniq_edmund
D:7:      layout_loops_ring, amethyst_overflow_temple_binary,
          kennysheep_little_box, serial_shops, shop, uniq_harold, uniq_duvessa
D:8:      layout_gridville, wad_hexagon
Temple:   nicolae_temple_elliptical

Skill      XL: |  1  2  3  4  5  6  7  8 |
---------------+-------------------------+-----
Stealth        | 3 4 6 |  6.8
Conjurations   | 2 3 4 |  4.0
Summonings     | 2 |  2.0
Air Magic      | 2 3 5 |  5.0
Spellcasting   | 4 5 |  5.1
Dodging        | |  2.0
Translocations | |  1.0

Action                   |  1- 3 |  4- 6 |  7- 9 || total
-------------------------+-------+-------+-------++-------
Melee: Dagger            |    41 |    52 |       ||    93
       Constrict         |    12 |    15 |    12 ||    39
       Tentacles         |     7 |    10 |    12 ||    29
       Rapier            |       |     9 |    52 ||    61
 Cast: Magic Dart        |    97 |    56 |     9 ||   162
       Call Imp          |       |     5 |     8 ||    13
       Mephitic Cloud    |       |     2 |     1 ||     3
Evoke: Wand              |       |     5 |       ||     5
  Use: Scroll            |       |     8 |     1 ||     9
       Potion            |       |     2 |       ||     2
 Stab: Paralysed         |       |     6 |       ||     6
       Sleeping          |       |     1 |     3 ||     4
       Confused          |       |     1 |       ||     1
Armor: Skin              |     3 |    15 |       ||    18
Dodge: Dodged            |    41 |    47 |    22 ||   110
